AoeStats
← HOUNGOUNGAGNE

Fortress

510210631Analyzed
2v2 RM · 24h ago on Sep 30, 2026· 42m 47s· 4 players
Game mode
Random Map
Map size
Normal (6 player)
Population
200
Speed
Normal
Resources
Standard
Victory
Conquest
Starting age
Dark Age
Ending age
Imperial Age
RankedLock teamsTeams togetherTeam positionsShared explorationLock speedFull tech treeHidden civsTurbo modeCheats
Victory
Defeat
🇦🇷 Koreans · Argentina
1140
+13
🇺🇸 Bohemians · United States
1124
+13
🇪🇨 Aztecs · Ecuador
1064
-13
🇪🇨 Sicilians · Ecuador
1062
-13
Evasive Species
6:45 Feudal Age
6:21 Loom
7:20 Double-Bit Axe
8:17 Horse Collar
12:33 Castle Age
13:39 Bow Saw
15:34 Chemistry
19:38 Wagenburg Tactics
21:07 Wheelbarrow
20:45 Heavy Plow
21:02 Padded Archer Armor
27:20 Imperial Age
28:52 Conscription
29:03 Hand Cart
29:44 Leather Archer Armor
30:27 Guilds
33:35 Two-Man Saw
35:42 Ring Archer Armor
35:02 Town Watch
40:48 Sanctity
42:42 Fervor
HOUNGOUNGAGNE
6:50 Loom
8:36 Feudal Age
6:53 Loom
12:33 Castle Age
10:33 Double-Bit Axe
11:26 Fletching
21:39 Bodkin Arrow
26:04 Town Watch
33:06 Imperial Age
32:22 Scale Barding Armor
32:40 Ballistics
32:33 Bow Saw
37:19 Chemistry
41:00 Light Cavalry
martinete.avila
8:40 Feudal Age
12:37 Castle Age
10:47 Horse Collar
11:19 Double-Bit Axe
14:11 Heavy Plow
16:48 Wheelbarrow
20:25 Bow Saw
39:25 Bloodlines
39:16 Husbandry
38:37 Light Cavalry
39:35 Scale Barding Armor
39:41 Forging
39:31 Scale Mail Armor
41:02 Hand Cart
Puerkoks
9:09 Feudal Age
11:00 Loom
13:48 Castle Age
12:33 Scale Mail Armor
13:33 Forging
13:08 Horse Collar
13:15 Double-Bit Axe
14:52 Chain Mail Armor
15:40 Heavy Plow
19:06 Gold Mining
20:02 Wheelbarrow
19:53 Squires
22:55 Crossbowman
24:36 Fletching
24:46 Padded Archer Armor
25:43 Padded Archer Armor
26:03 Bodkin Arrow
27:17 Padded Archer Armor
28:29 Elite Skirmisher
30:00 Atlatl
31:32 Leather Archer Armor
37:49 Imperial Age
36:21 Ballistics
39:45 Chemistry
39:20 Conscription
39:40 Bow Saw
Connection lost

Rejoining the realm…

Still unreachable

The connection could not be restored.

Session expired

The server has moved on; the page needs a fresh start.